 Dungeon Crawl Stone Soup version 0.22-a0-618-gd6a3efe (webtiles) character file.

233 Amnesiac the Magician (level 5, -1/35 HPs)
             Began as a Mummy Earth Elementalist on July 14, 2018.
             Slain by Purgy (4 damage)
             ... in a sewer.
             The game lasted 00:05:55 (2529 turns).

Amnesiac the Magician (Mummy Earth Elementalist)    Turns: 2529, Time: 00:05:55

Health: -1/35      AC:  3    Str: 17    XL:     5   Next: 75%
Magic:  1/11       EV: 12    Int: 16    God:
Gold:   118        SH:  0    Dex: 12    Spells: 2/12 levels left

rFire    x . .     SeeInvis .   a - +1 dagger of a volcano {flame, Str+6}
rCold    + . .     Gourm    .   (no shield)
rNeg     + + +     Faith    .   c - +0 robe
rPois    ∞         Spirit   .   (no helmet)
rElec    .         Reflect  .   (no cloak)
rCorr    .         Harm     .   g - +0 pair of gloves
MR       .....                  (no boots)
Stlth    ++........             (no amulet)
HPRegen  0.11/turn              (no ring)
MPRegen  0.12/turn              (no ring)

@: about to teleport, very slightly contaminated
A: no food or potions, fire vulnerability, cold resistance 1, negative energy
resistance 3, torment resistance, unbreathing
a: no special abilities


You were in a sewer.
You were not hungry.

You visited 1 branch of the dungeon, and saw 4 of its levels.
You also visited: Sewer.

You collected 118 gold pieces.

Inventory:

Hand Weapons
 a - the +1 dagger of a volcano (weapon) {flame, Str+6}
   (You found it on level 4 of the Dungeon)

   It has been specially enchanted to burn those struck by it, causing extra
   injury to most foes and up to half again as much damage against particularly
   susceptible opponents.
   It affects your strength (+6).
 k - a +0 dagger
Armour
 c - a +0 robe (worn)
 f - a +0 pair of gloves
 g - a +0 pair of gloves (worn)
Scrolls
 d - a scroll of noise {!r, unknown}
 e - a scroll of enchant armour {!r, unknown}
 h - 2 scrolls of blinking {!r, unknown}
 j - 4 scrolls of identify {!r, unknown}
 l - 2 scrolls of teleportation {!r}


   Skills:
 - Level 1.0 Short Blades
 - Level 1.5 Dodging
 - Level 2.1 Stealth
 - Level 4.3 Spellcasting
 + Level 1.2 Transmutations
 - Level 4.2 Earth Magic


You had 2 spell levels left.
You knew the following spells:

 Your Spells              Type           Power        Failure   Level  Hunger
a - Sandblast             Erth           ###...       2%          1    N/A
b - Passwall              Tmut/Erth      ##......     9%          2    N/A
c - Stone Arrow           Conj/Erth      ##....       21%         3    N/A
e - Petrify               Tmut/Erth      ##......     47%         4    N/A

Your spell library contained the following spells:

 Spells                   Type           Power        Failure   Level  Hunger
 Lee's Rapid Deconstruct  Erth           ###.......   61%         5    N/A

Dungeon Overview and Level Annotations

Branches:
Dungeon (4/15)
 Temple: D:4-7

Altars:
Nemelex Xobeh
Zin

Annotations:
D:3 Ijyb
D:4 1 runed door, galech's ghost, amateur OgBe Sewer Purgy


Innate Abilities, Weirdness & Mutations

You do not eat or drink.
Your flesh is vulnerable to fire.
You are immune to poison.
Your flesh is cold resistant. (rC+)
You are immune to negative energy. (rN+++)
You are immune to unholy pain and torment.
You can survive without breathing.


Message History

Purgy claws you. Purgy barely misses you. Purgy bites you.
Purgy claws you but does no damage. Purgy completely misses you.
There is an empty arch of ancient stone here.
Purgy barely misses you. Purgy claws you. Purgy barely misses you.
Purgy clenches his teeth.
Casting: Petrify (very dangerous; 47% risk of failure)
Confirm with . or Enter, or press ? or * to list all spells.
The spell is very dangerous to cast (47% risk of failure)!
Continue anyway? [Y]es or [N]o only, please.
The spell is very dangerous to cast (47% risk of failure)!
Continue anyway?
Aiming: Petrify (very dangerous; 47% risk of failure)
Press: ? - help, Shift-Dir - straight line, f/p - Purgy
Aim: Purgy (chance to defeat MR: 51%) Purgy resists with significant effort.
Purgy bites you but does no damage. Purgy closely misses you. x2
There is an open door here.
You enter the shallow water.
Moving in this stuff is going to be slow.
Purgy bites you but does no damage. Purgy claws you.
Purgy claws you but does no damage. Purgy closely misses you.
Purgy claws you but does no damage. Purgy claws you.
Purgy bites you but does no damage. Purgy claws you.
Purgy claws you but does no damage.
There is an empty arch of ancient stone here.
Purgy bites you. Purgy closely misses you. Purgy claws you.
Purgy looks very sad for a moment.
You open the door. Purgy misses you. Purgy closely misses you.
Purgy claws you but does no damage.
You enter the shallow water.
Moving in this stuff is going to be slow.
Purgy bites you. Purgy claws you. x2
* * * LOW HITPOINT WARNING * * *
Purgy bites you!
* * * LOW HITPOINT WARNING * * *
Purgy closely misses you. Purgy claws you.
* * * LOW HITPOINT WARNING * * *
Purgy bites you.
* * * LOW HITPOINT WARNING * * *
Purgy claws you but does no damage. Purgy claws you.
* * * LOW HITPOINT WARNING * * *
Purgy clenches his claws.
There is an open door here.
There's a creature in the doorway!
Casting: Petrify (very dangerous; 47% risk of failure)
Confirm with . or Enter, or press ? or * to list all spells.
The spell is very dangerous to cast (47% risk of failure)!
Continue anyway? [Y]es or [N]o only, please.
The spell is very dangerous to cast (47% risk of failure)!
Continue anyway?
Aiming: Petrify (very dangerous; 47% risk of failure)
Press: ? - help, Shift-Dir - straight line, f/p - Purgy
Aim: Purgy (chance to defeat MR: 51%)
You miscast Petrify.
You are very lightly contaminated with residual magic.
Motes of dust swirl before your eyes.
Really read
l - 3 scrolls labeled AMPUWAUKURR {!r}?
As you read the scroll labeled AMPUWAUKURR {!r}, it crumbles to dust.
You feel strangely unstable.
It was a scroll of teleportation {!r}.
Purgy barely misses you. Purgy misses you. Purgy completely misses you.
Really read
i - a scroll labeled RINELA ZORCHIOG {!r}?
As you read the scroll labeled RINELA ZORCHIOG {!r}, it crumbles to dust.
You feel as if something is helping you.
It was a scroll of remove curse {!r}.
Purgy bites you.
You die...

#≈≈≈#
#############
#!.†.≈≈≈.'..#
####.≈≈≈.####
####.≈≈≈.####
#!†'.≈≈≈.'..#
####.≈≈≈.####
####.≈≈≈.####
#..'.≈≈≈.'T@#
####.≈≈≈.####
####.≈≈≈.####
#%.†..∩....∩#
####.≈≈≈.####
####.≈≈≈.####
#..'.≈≈≈.'..#
####.≈≈≈.####
####.≈≈≈.####


You could see Purgy.

Vanquished Creatures
  An ogre (D:4)
  A hound skeleton (D:4)
  A river rat (D:4)
  7 adders
  2 adder skeletons (D:4)
  3 worms
  2 dart slugs
  3 leopard geckos
  3 bats
  2 giant cockroaches (Sewer)
  2 goblins
  4 hobgoblins
  3 jackals (D:4)
  6 kobolds
  A ball python (D:2)
  5 frilled lizards
  7 rats
53 creatures vanquished.

Notes
Turn   | Place    | Note
-------+----------+-------------------------------------------
     0 | D:1      | Amnesiac the Mummy Earth Elementalist began the quest for the Orb.
     0 | D:1      | Reached XP level 1. HP: 13/13 MP: 4/4
   550 | D:1      | Reached XP level 2. HP: 17/19 MP: 5/5
   554 | D:1      | Learned a level 2 spell: Passwall
   996 | D:2      | Reached XP level 3. HP: 8/24 MP: 5/7
  1430 | D:2      | Found a glowing silver altar of Zin.
  1524 | D:3      | Noticed Ijyb
  1535 | D:2      | Reached skill level 1 in Transmutations
  1747 | D:4      | Reached skill level 1 in Short Blades
  1785 | D:4      | Reached XP level 4. HP: 30/30 MP: 5/9
  1791 | D:4      | Learned a level 4 spell: Petrify
  1913 | D:4      | Noticed galech's ghost (amateur OgBe)
  1917 | D:4      | Found a runed door.
  1960 | D:4      | Found a sparkling altar of Nemelex Xobeh.
  2080 | D:4      | Got a pitted dagger
  2105 | D:4      | Noticed an ogre
  2113 | D:4      | Killed an ogre
  2113 | D:4      | Reached XP level 5. HP: 35/35 MP: 5/11
  2118 | D:4      | Learned a level 3 spell: Stone Arrow
  2139 | D:4      | Identified the cursed +1 dagger of a volcano {flame, Str+6} (You found it on level 4 of the Dungeon)
  2291 | D:4      | Found a glowing drain.
  2299 | Sewer    | Entered a sewer
  2476 | Sewer    | Noticed Purgy
  2515 | Sewer    | HP: 1/35 [Purgy (2)]
  2529 | Sewer    | Slain by Purgy

Vault maps used:
D:1:      elethiomel_arrival_infinity_welcomes_careful_drivers
D:2:      lemuel_round_altar, st_stairs_13, serial_bayou_lake_a
D:3:      eat_drink_and_be_merry_uskayaw, first_ration, fountainhead, uniq_ijyb,
          uniq_robin
D:4:      lemuel_doored_altar, lightli_sewer_entry_pipes,
          hellmonk_ghost_happy_afterlife
Sewer:    kennysheep_door_sewer

Skill      XL: |  1  2  3  4 |
---------------+-------------+-----
Spellcasting   | 3 4 |  4.3
Earth Magic    | 3 4 |  4.2
Transmutations | 1 |  1.2
Short Blades   | 1 |  1.0
Stealth        | 2 |  2.1
Dodging        | |  1.5

Action                   |  1- 3 |  4- 6 || total
-------------------------+-------+-------++-------
Melee: Dagger            |    64 |    80 ||   144
       Unarmed           |     8 |       ||     8
 Cast: Sandblast         |    29 |    23 ||    52
       Passwall          |     1 |       ||     1
       Petrify           |       |     3 ||     3
  Use: Scroll            |       |     2 ||     2
 Stab: Sleeping          |     3 |     3 ||     6
Armor: Robe              |    16 |    26 ||    42
Dodge: Dodged            |    46 |    62 ||   108

Table legend:
 A = Spawn XP
 B = Non-spawn XP
 C = Spawn XP percentage of total XP
 D = Spawn monster count
 E = Non-spawn monster count
 F = Spawn count percentage of total count
 G = Total turns spent on level
                    A         B        C        D         E        F      G
               +---------+---------+-------+---------+---------+-------+---------
         Total |       0 |     334 |   0.0 |       0 |      53 |   0.0 |  2529
               +---------+---------+-------+---------+---------+-------+---------
           D:1 |       0 |      13 |   0.0 |       0 |       8 |   0.0 |   572
           D:2 |       0 |      54 |   0.0 |       0 |      18 |   0.0 |  1077
           D:3 |       0 |       7 |   0.0 |       0 |       3 |   0.0 |    84
           D:4 |       0 |     253 |   0.0 |       0 |      19 |   0.0 |   566
         Sewer |       0 |       7 |   0.0 |       0 |       5 |   0.0 |   230
               +---------+---------+-------+---------+---------+-------+---------
